 Dungeon Crawl Stone Soup version 0.26-a0-346-g33516b1736 (webtiles) character file.

Game seed: 17483255295791607330

3253 Glokmah the Chopper (level 9, -3/77 HPs)
             Began as a Palentonga Berserker on July 17, 2020.
             Was an Elder of Trog.
             Slain by an ancient zyme (5 damage)
             ... on level 2 of the Abyss.
             The game lasted 00:19:47 (8314 turns).

Glokmah the Chopper (Palentonga Berserker)          Turns: 8314, Time: 00:19:48

Health: -3/77      AC: 14    Str: 20    XL:     9   Next: 67%
Magic:  9/9        EV:  8    Int:  7    God:    Trog [****..]
Gold:   362        SH:  5    Dex: 20    Spells: 8/8 levels left

rFire    . . .     SeeInvis +   a - +1 hand axe (freeze)
rCold    . . .     Faith    .   i - +0 buckler
rNeg     . . .     Spirit   .   A - +0 chain mail
rPois    .         Reflect  .   o - +0 helmet
rElec    .         Harm     .   (no cloak)
rCorr    .                      (no gloves)
MR       ++...                  (boots restricted)
Stlth    ..........             l - amulet of the acrobat
HPRegen  1.00/turn              g - +4 ring of protection
MPRegen  0.11/turn              F - +6 ring of dexterity

@: berserk cooldown, recuperating, badly diseased, slowed, very slow
A: large, rugged brown scales 3, see invisible, deformed body, roll, armoured
tail
a: Rolling Charge, Berserk, Trog's Hand, Brothers in Arms, Renounce Religion


You were on level 2 of the Abyss.
You worshipped Trog.
Trog was greatly pleased with you.
You visited 2 branches of the dungeon, and saw 9 of its levels.
You visited the Abyss 1 time.
You also visited: Sewer.

You collected 362 gold pieces.

Inventory:

Hand Weapons
 a - a +1 hand axe of freezing (weapon)
 b - a +1 war axe
 c - a +2 flail of holy wrath
 d - a +3 short sword of venom
Missiles
 h - 8 poisoned darts (quivered)
 k - 3 curare-tipped darts
 p - 13 boomerangs
 v - a throwing net
 G - 300 stones
 H - 8 silver javelins
Armour
 i - a +0 buckler (worn)
 o - a +0 helmet (worn)
 A - a +0 chain mail (worn)
Jewellery
 g - a +4 ring of protection (left hand)
 l - an amulet of the acrobat (around neck)
 y - an uncursed amulet of reflection
 F - a +6 ring of dexterity (right hand)
Wands
 u - a wand of random effects (23)
 x - a wand of flame (5)
 C - a wand of paralysis (10)
 D - a wand of polymorph (7)
 E - a wand of clouds (7)
Scrolls
 e - 2 scrolls of teleportation
 m - a scroll of fog
 q - a scroll of fear
 r - 3 scrolls of remove curse
 s - 2 scrolls of amnesia
 B - a scroll of blinking
Potions
 f - 2 potions of magic
 j - a potion of curing
 n - a potion of lignification
 t - 2 potions of heal wounds
 w - 2 potions of cancellation
 z - a potion of invisibility


   Skills:
 + Level 7.4 Fighting
 + Level 7.4 Axes
 + Level 5.8 Armour
 - Level 5.0 Dodging
 + Level 3.3 Shields


You had 8 spell levels left.
You didn't know any spells.
Your spell library was empty.

Dungeon Overview and Level Annotations

Branches:
Dungeon (8/15)             Temple (0/1) D:5            Lair (1/6) D:8
  Sewer (visited)

Altars:
Ashenzari
Dithmenos
Elyvilon
Fedhas
Gozag
Makhleb
Nemelex Xobeh
Qazlal
Ru
Trog
Uskayaw
Vehumet
Wu Jian
Xom

Shops:
D:4 }}

Annotations:
Lair:1 Sonja


Innate Abilities, Weirdness & Mutations

You are completely covered in rugged brown scales. (AC +3, +7% HP)
You have supernaturally acute eyesight. (SInv)
Armour fits poorly on your strangely shaped body.
You can roll at foes to attack.
You have a long armoured tail.


Message History

The thrashing horror completely misses you.
You block the ancient zyme's attack. The ancient zyme hits you.
* * * LOW HITPOINT WARNING * * *
The ancient zyme completely misses you. x2
There is a gateway leading out of the Abyss, spattered with blood here.
The thrashing horror roars!
The thrashing horror tramples you.
* * * LOW HITPOINT WARNING * * *
You stumble backwards!
You stop ascending the stairs.
The ancient zyme hits you!
* * * LOW HITPOINT WARNING * * *
You block the ancient zyme's attack.
You feel ill.
Your skin crawls.
You feel resistant to hostile enchantments.
Trog will no longer gift you weapons. The thrashing horror barely misses you.
The thrashing horror completely misses you.
The ancient zyme hits you but does no damage.
You block the ancient zyme's attack. The ancient zyme hits you.
You die...

#. .## #.. ###
..# ## #...
..### #.# ##.##
##....
#..##...###..#
# #.....#x∩X#
#........@.#
##.....#...# ##
##...###..# ...
##.## ##.#
...## ..###....
##.#.....#
....# #.....x
.....###
#..##.....#...#
#. ##...###...


You could see an ancient zyme and a thrashing horror.

Vanquished Creatures
  Grinder (D:3)
  A hippogriff (Lair:1)
  Sigmund (D:3)
  A water moccasin (Lair:1)
  An orc warrior (D:8)
  A sky beast (D:8)
  A hornet zombie (D:6)
  An ice beast (D:5)
  A centaur (D:6)
  3 ogres
  2 phantoms
  7 big kobolds
  4 bullfrogs
  2 gnoll sergeants
  A wyvern skeleton (D:6)
  A howler monkey (D:7)
  A centaur zombie (D:8)
  A hound (D:6)
  A jelly (D:5)
  A centaur skeleton (D:3)
  3 orc wizards
  3 worker ants
  A killer bee zombie (D:6)
  A hound zombie (D:8)
  A hound skeleton (D:8)
  Robin (D:3)
  3 worker ant zombies
  13 gnolls
  A howler monkey skeleton (D:7)
  8 adders
  3 river rats
  4 shadow imps
  A white imp (D:6)
  An ufetubus (D:5)
  An ooze (Sewer)
  An adder zombie (D:6)
  An adder skeleton (D:4)
  4 worms
  A leopard gecko (D:1)
  15 orcs
  7 ball pythons
  10 giant cockroaches
  15 goblins
  9 hobgoblins
  2 quokkas
  7 bats
  5 frilled lizards
  14 kobolds
  A leopard gecko skeleton (D:5)
  A quokka zombie (D:5)
  16 rats
  A plant (D:8)
188 creatures vanquished.

Vanquished Creatures (others)
  A fungus (D:8)
1 creature vanquished.

Grand Total: 189 creatures vanquished

Notes
Turn   | Place    | Note
-------+----------+-------------------------------------------
     0 | D:1      | Glokmah the Palentonga Berserker began the quest for the
                  | Orb.
     0 | D:1      | Reached XP level 1. HP: 19/19 MP: 1/1
     2 | D:1      | Noticed a ghoul
     4 | D:1      | Noticed an ogre
     4 | D:1      | Noticed a human
     6 | D:1      | Noticed a demigod
     8 | D:1      | Noticed a spriggan
     8 | D:1      | Noticed a demonspawn
    10 | D:1      | Noticed a halfling
    10 | D:1      | Noticed a troll
    12 | D:1      | Noticed a centaur
    12 | D:1      | Noticed a gargoyle
    14 | D:1      | Noticed a merfolk
    16 | D:1      | Noticed an elf
    16 | D:1      | Noticed a formicid
    18 | D:1      | Noticed an octopode
    20 | D:1      | Noticed a minotaur
    20 | D:1      | Noticed a vampire
    22 | D:1      | Noticed a dwarf
    22 | D:1      | Noticed a felid
    24 | D:1      | Noticed a tengu
    24 | D:1      | Noticed a vine stalker
    26 | D:1      | Noticed a draconian
    26 | D:1      | Noticed a naga
   149 | D:1      | Reached XP level 2. HP: 25/25 MP: 2/2
   730 | D:2      | Reached ** piety under Trog
   783 | D:2      | Reached XP level 3. HP: 31/31 MP: 3/3
  1313 | D:3      | Found a radiant altar of Vehumet.
  1336 | D:3      | Noticed Sigmund
  1398 | D:3      | Reached XP level 4. HP: 30/39 MP: 4/4
  1450 | D:3      | Found a glowing drain.
  1474 | Sewer    | Entered a sewer
  1663 | Sewer    | Reached *** piety under Trog
  1676 | Sewer    | Noticed a big kobold
  1694 | Sewer    | Killed a big kobold
  1694 | Sewer    | Reached XP level 5. HP: 37/44 MP: 5/5
  1899 | Sewer    | Reached XP level 6. HP: 49/51 MP: 6/6
  2476 | Sewer    | Reached XP level 7. HP: 58/58 MP: 7/7
  2684 | D:3      | Killed Sigmund
  2684 | D:3      | Reached skill level 5 in Fighting
  2684 | D:3      | Reached skill level 5 in Axes
  2717 | D:3      | Noticed Grinder
  2754 | D:3      | Killed Grinder
  2776 | D:3      | Noticed Robin
  2794 | D:3      | Killed Robin
  2951 | D:3      | Noticed a moth of wrath
  2954 | D:3      | Found a bloodstained altar of Trog.
  3126 | D:3      | Found a shimmering altar of Xom.
  3378 | D:4      | Found a hide-covered altar of Uskayaw.
  3478 | D:4      | Found Usao's Gadget Shop.
  3513 | D:4      | Found Echem's Gadget Shop.
  3534 | D:4      | Reached XP level 8. HP: 67/67 MP: 8/8
  3645 | D:4      | Reached **** piety under Trog
  4008 | D:5      | Entered Level 5 of the Dungeon
  4361 | D:5      | Found a stormy altar of Qazlal.
  4549 | D:5      | Found a blossoming altar of Fedhas.
  4688 | D:5      | Found a staircase to the Ecumenical Temple.
  4964 | D:6      | Reached skill level 1 in Shields
  5238 | D:6      | Reached skill level 5 in Dodging
  5256 | D:6      | Reached skill level 5 in Armour
  5256 | D:6      | Reached XP level 9. HP: 75/75 MP: 9/9
  6241 | D:7      | Found a shadowy altar of Dithmenos.
  6374 | D:7      | Found a white marble altar of Elyvilon.
  6558 | D:8      | Found an ornate altar of the Wu Jian Council.
  6558 | D:8      | Found a burning altar of Makhleb.
  6572 | D:8      | Found a staircase to the Lair.
  6833 | D:8      | Found a shattered altar of Ashenzari.
  6853 | D:8      | Reached ***** piety under Trog
  6931 | D:8      | Found a white marble altar of Elyvilon.
  7019 | D:8      | Found a sacrificial altar of Ru.
  7420 | D:8      | Found an opulent altar of Gozag.
  7423 | D:8      | Found a sparkling altar of Nemelex Xobeh.
  7727 | Lair:1   | Entered Level 1 of the Lair of Beasts
  8259 | Lair:1   | Noticed Sonja
  8265 | Lair:1   | Cast into level 2 of the Abyss (Sonja)
  8277 | Abyss:2  | Noticed a thrashing horror
  8296 | Abyss:2  | Noticed an ancient zyme
  8313 | Abyss:2  | HP: 1/77 [ancient zyme (8)]
  8314 | Abyss:2  | Slain by an ancient zyme

Illustrated notes

Levels and vault maps discovered:
D:1:      kb_arrival_jail, layout_basic
D:2:      layout_rooms, chequers_serial_rivers_micro_b
D:3:      layout_loops_ring, overflow_temple_1_default, tgw_trog,
          cheibrodos_sewer_entry_sluice, grunt_decor_one_mirror,
          xom_teletrap_fun, uniq_robin, uniq_sigmund, uniq_grinder
D:4:      layout_loops_cross, nicolae_overflow_hidden_temple, serial_shops,
          nicolae_shop_waterfront, shop, wad_floor_pattern_untrapped,
          minmay_cupped
D:5:      layout_loops_ring, lemuel_doored_altar, marbit_many_paths,
          minmay_temple_entry_ruins
D:6:      layout_cave_pools, serial_rivers, chequers_serial_rivers_small_a,
          chequers_serial_rivers_small_3, chequers_serial_rivers_micro_e,
          chequers_serial_rivers_micro_d
D:7:      layout_rooms, overflow_temple_1_default, elyvilon_altar_4
D:8:      layout_basic, grunt_temple_overflow_opulence, ashenzari_altar_1,
          grunt_temple_overflow_open, dpeg_oklobed_lair, basic_altar,
          nicolae_ru_sacrificial_ziggurat
Lair:1:   layout_regular_city, uniq_sonja
Abyss:2:  base:
D:7

Skill      XL: |  1  2  3  4  5  6  7  8  9 |
---------------+----------------------------+-----
Armour         | 2 3 4 5 |  5.8
Dodging        | 2 3 4 5 |  5.0
Fighting       | 4 5 6 7 |  7.4
Axes           | 4 5 6 7 |  7.4
Shields        | 1 3 |  3.3

Action                   |  1- 3 |  4- 6 |  7- 9 || total
-------------------------+-------+-------+-------++-------
Melee: Hand axe          |    43 |       |   270 ||   313
       Whip              |    79 |   169 |    48 ||   296
       Tailslap          |    15 |    17 |    63 ||    95
       War axe           |       |       |   106 ||   106
Throw: Dart              |       |       |     5 ||     5
Invok: Berserk           |     1 |     3 |    13 ||    17
       Trog's Hand       |       |     1 |     3 ||     4
 Abil: Rolling Charge    |    24 |    14 |    25 ||    63
  Use: Scroll            |     3 |     2 |    12 ||    17
       Potion            |       |       |     1 ||     1
Armor: Animal skin       |    38 |       |       ||    38
       Leather armour    |    15 |    66 |    40 ||   121
       Ring mail         |       |       |    72 ||    72
       Chain mail        |       |       |    82 ||    82
Dodge: Dodged            |    62 |    63 |   229 ||   354
Block: Buckler           |       |       |    71 ||    71

Table legend:
 A = Non-vault XP
 B = Vault XP
 C = Vault XP percentage of total XP
 D = Non-vault monster count
 E = Vault monster count
 F = Vault count percentage of total count
                 A         B        C        D         E       F
            +---------+---------+-------+---------+---------+-------
      Total |    3368 |    1280 |  27.5 |     140 |      47 |  25.1
            +---------+---------+-------+---------+---------+-------
        D:1 |      34 |       0 |   0.0 |      22 |       0 |   0.0
        D:2 |      40 |       0 |   0.0 |      17 |       0 |   0.0
        D:3 |      75 |     563 |  88.2 |      15 |      18 |  54.5
        D:4 |      78 |       0 |   0.0 |       8 |       0 |   0.0
        D:5 |     644 |      16 |   2.4 |      19 |       1 |   5.0
        D:6 |     964 |       0 |   0.0 |      22 |       0 |   0.0
        D:7 |     305 |       0 |   0.0 |      12 |       0 |   0.0
        D:8 |     828 |       0 |   0.0 |      23 |       0 |   0.0
     Lair:1 |     400 |       0 |   0.0 |       2 |       0 |   0.0
      Sewer |       0 |     701 | 100.0 |       0 |      28 | 100.0
            +---------+---------+-------+---------+---------+-------
